 Dungeon Crawl Stone Soup version 0.29-a0-982-gaed3a0c8d8 (webtiles) character file.

Game seed: 1501713507064805922

21 MisterAzrael the Caller (level 2, -3/15 HPs)
             Began as a Deep Elf Summoner on Aug 2, 2022.
             Killed from afar by Sigmund (18 damage)
             ... with a bolt of light
             ... on level 2 of the Dungeon.
             The game lasted 00:01:53 (1597 turns).

MisterAzrael the Caller (Deep Elf Summoner)         Turns: 1597, Time: 00:01:54

Health: -3/15      AC:  2    Str:  5    XL:     2   Next: 65%
Magic:  8/8        EV: 13    Int: 19    God:
Gold:   64         SH:  0    Dex: 15    Spells: 4/7 levels left

rFire   . . .      SeeInvis .   (no weapon)
rCold   . . .      Faith    .   (no shield)
rNeg    . . .      Spirit   .   a - +0 robe
rPois   .          Reflect  .   (no helmet)
rElec   .          Harm     .   (no cloak)
rCorr   .          Rampage  .   (no gloves)
Will    .....                   (no boots)
Stlth   ++........              (no amulet)
HPRegen 0.05/turn               (no ring)
MPRegen 0.11/turn               (no ring)

@: no status effects
A: no striking features
a: no special abilities


You were on level 2 of the Dungeon.
You visited 1 branch of the dungeon, and saw 2 of its levels.

You collected 64 gold pieces.

Inventory:

Armour
 a - a +0 robe (worn)
Scrolls
 c - 2 scrolls of amnesia {unknown}
 d - 4 scrolls of identify {unknown}
 f - 2 scrolls of immolation {unknown}
 h - a scroll of noise {unknown}
 i - a scroll of enchant armour {unknown}
 j - a scroll of teleportation {unknown}
 k - a scroll of blinking {unknown}
Potions
 b - 2 potions of magic
 e - a potion of might {unknown}
 g - a potion of curing {unknown}
 l - a potion of brilliance {unknown}


   Skills:
 + Level 2.9 Dodging
 + Level 2.9 Stealth
 + Level 3.4 Spellcasting
 + Level 4.6 Summonings


You had 4 spell levels left.
You knew the following spells:

 Your Spells              Type           Power      Damage    Failure   Level
a - Summon Small Mammal   Summ           80%        N/A       2%          1
b - Call Imp              Summ           20%        N/A       3%          2

Your spell library contained the following spells:

 Spells                   Type           Power      Damage    Failure   Level
 Call Canine Familiar     Summ           20%        N/A       7%          3
 Summon Guardian Golem    Hex/Summ       12%        N/A       17%         3
 Summon Lightning Spire   Summ/Air       12%        N/A       50%         4


Dungeon Overview and Level Annotations

Branches:
Dungeon (2/15)

Altars:

Shops:
D:1 *

Annotations:
D:2 Sigmund


Message History

Your quokka disappears in a puff of smoke!
Your bat hits the hobgoblin but does no damage.
The hobgoblin misses your bat.
Your bat closely misses the hobgoblin.
Your bat hits the hobgoblin. Your bat hits the hobgoblin.
Your quokka barely misses the hobgoblin.
Your quokka barely misses the hobgoblin.
Your bat barely misses the hobgoblin.
Your quokka barely misses the hobgoblin.
Your bat hits the hobgoblin but does no damage.
Your quokka barely misses the hobgoblin.
The hobgoblin barely misses you.
Your bat hits the hobgoblin but does no damage.
Your quokka misses the hobgoblin. The hobgoblin closely misses you.
Your bat barely misses the hobgoblin.
Your quokka bites the hobgoblin.
The hobgoblin barely misses you.
Your bat hits the hobgoblin.
The hobgoblin dies!
Your quokka disappears in a puff of smoke!
You open the door.
Found a leather armour.
There is an open door here.
You see here a +0 leather armour.
Found a stone staircase leading down.
Your bat disappears in a puff of smoke!
Found a chain mail.
You see here a +0 chain mail.
d - 4 scrolls labelled EDWUEM WAIL (gained 1)
You see here a +0 chain mail.
You see here a +0 scale mail.
You see here a +0 scale mail.
You open the door.
Sigmund the Dreaded comes into view.
He is wielding a +0 scythe and carrying a wand of light (14).
Sigmund shouts!
Sigmund zaps a wand.
The bolt of light misses you.
Found a spear.
Sigmund is nearby!
Sigmund zaps a wand.
The bolt of light hits you!!
Ouch! That really hurt!
You die...

#..............# #.........#
#........##†...# #.......#.##
...............#####.......#..#
....♣.♣..)##................#.#
...♣.♣....###'######........#.###
#..........)...# #.....^..#....
#.........###### ########.#..##
......#.[## #############.#..##
########## #.@.........#......
#.#######.#......## #@#
#.#.####... #.# #.#.# ##.. #'#
###.#.#####.. ... #...#.....#..
....# #.#######.#.. .....+ #.#
#.#.. ......# #.#######.###


You could see Sigmund.

Vanquished Creatures (collateral kills)
  3 giant cockroaches
  A goblin (D:1)
  5 hobgoblins
  A kobold (D:2)
  A quokka (D:2)
  3 bats (D:1)
  2 frilled lizards
  2 rats (D:1)
18 creatures vanquished.

Notes
Turn   | Place    | Note
-------+----------+-------------------------------------------
     0 | D:1      | MisterAzrael the Deep Elf Summoner began the quest for the
                  | Orb.
     0 | D:1      | Reached XP level 1. HP: 10/10 MP: 6/6
   327 | D:1      | Reached XP level 2. HP: 15/15 MP: 5/8
   330 | D:1      | Learned a level 2 spell: Call Imp
   606 | D:1      | Found Fyralao's General Store.
  1593 | D:2      | Noticed Sigmund
  1597 | D:2      | Killed from afar by Sigmund

Illustrated notes

Levels and vault maps discovered:
D:1:      dpeg_arrival_brainrot, layout_rooms, serial_shops, nicolae_shop_stone,
          nicolae_figureground_sparkle
D:2:      layout_basic, chequers_garden, uniq_sigmund

Action                   || total
-------------------------++-------
Melee: Unarmed           ||     6
 Cast: Summon Small Mamm ||    30
       Call Imp          ||    12
Armor: Robe              ||    21
Dodge: Dodged            ||    47

Table legend: (Time is in decaauts)
 A = Elapsed time spent in this place.
 B = Non-inter-level travel time spent in this place.
 C = Inter-level travel time spent in this place.
 D = Time resting spent in this place.
 E = Time spent auto-exploring this place.
 F = Levels seen in this place.
 G = Mean time per level.
                   A        B        C        D        E       F      G
               +--------+--------+--------+--------+--------+-----+--------+
         Total |   1596 |   1559 |     37 |    248 |    993 |   2 |  798.0 |
       Dungeon |   1596 |   1559 |     37 |    248 |    993 |   2 |  798.0 |
               +--------+--------+--------+--------+--------+-----+--------+

Top non-repeatable levels by time:
     D:1: 1087 daAuts
     D:2: 509 daAuts
